[Event "Early-Titled-Tuesday-Blitz-March-19-2024"]
[Site "Chess.com"]
[Date "2024.03.19"]
[Round "6"]
[White "ragnaroek66"]
[Black "Vaibhavraut99"]
[Result "0-1"]
[WhiteElo "2529"]
[BlackElo "2714"]
[TimeControl "180+1"]
[EndTime "9:08:50 PDT"]
[Termination "Vaibhavraut99 won by resignation"]

1. d4 Nf6 2. c4 e6 3. Nf3 b6 4. g3 Bb7 5. Bg2 Be7 6. O-O O-O 7. Nc3 Bb4 8. Bd2 Bxc3 9. Bxc3 Be4 10. Re1 d6 11. Bf1 Nbd7 12. Nd2 Bb7 13. e4 e5 14. Bg2 a5 15. b3 exd4 16. Bxd4 Nc5 17. Qc2 Re8 18.
h3 Nfd7 19. Rad1 h5 20. Ba1 h4 21. Qc3 Qf6 22. Qxf6 Nxf6 23. Bxf6 gxf6 24. gxh4 Kg7 25. Re3 Rh8 26. Rg3+ Kf8 27. Rg4 Bc8 28. Rf4 Ke7 29. Nf3 Ne6 30. Rg4 Nc5 31. Rf4 Ne6 32. Rg4 Bb7 33.
Kh2 Rag8 34. Kg3 Rxg4+ 35. hxg4 Bxe4 36. Re1 Bxf3 37. Bxf3 Kd7 38. Bd5 a4 39. f4 c6 40.
Bxe6+ fxe6 41. f5 e5 42. g5 Ke7 43. Re2 d5 44. cxd5 cxd5 45. Kg4 d4 46. g6 d3 47. Re3 Rd8 48. Re1 Rd4+ 49. Kf3 Rxh4 50. Ke3 axb3 51. axb3 Rd4 52. Kd2 Rf4 53. Rh1 Rxf5 54. Rh7+ Ke6 55. Rb7 Rg5 56. g7 e4 57. Rxb6+ Kf7 58. Rb7+ Kg8 59.
Re7 f5 60. b4 Rg2+ 61. Kc3 Rc2+ 62. Kb3 Rc8 63. b5 d2 64. Rd7 e3 65. b6 e2 66. b7 d1=Q+ 67. Rxd1 exd1=Q+ 68. Kb4 Rb8 69. Kc5 f4 70. Kc6 Rxb7 71. Kxb7 f3 72. Kc6 f2 73.
Kb7 f1=Q 74. Kc6 Qc2+ 75. Kb7 Qfb1+ 0-1

[Event "Early-Titled-Tuesday-Blitz-March-19-2024"]
[Site "Chess.com"]
[Date "2024.03.19"]
[Round "6"]
[White "Polish_fighter3000"]
[Black "Oleksandr_Bortnyk"]
[Result "1/2-1/2"]
[WhiteElo "3157"]
[BlackElo "3055"]
[TimeControl "180+1"]
[EndTime "9:08:54 PDT"]
[Termination "Game drawn by repetition"]

1. e4 Nf6 2. e5 Nd5 3. d4 d6 4. Nf3 dxe5 5. Nxe5 c6 6. c3 Nd7 7. Nf3 N7f6 8. Nbd2 Bf5 9. Nc4 e6 10. Be2 Be7 11. Nh4 Be4 12. O-O O-O 13. Nd2 c5 14. Nxe4 Nxe4 15. Nf3 Qb6 16. Bd3 Nef6 17.
dxc5 Bxc5 18. Qe2 Rfe8 19. Ne5 a5 20. a4 Qc7 21. Bd2 Bd6 22. Rae1 Rad8 23. Bb5 Re7 24.
Bc1 Qb8 25. g3 Nc7 26. Bc4 Ncd5 27. Nf3 Bc5 28. Rd1 Qc7 29. Bb3 h6 30. Ne5 Bd6 31. Rfe1 Bc5 32. Bc2 Bd6 33. Rd4 Bxe5 34. Qxe5 Qxe5 35.
Rxe5 Red7 36. Kf1 b6 37. Re1 Rc8 38. Bd3 Rdc7 39. Ba6 Ra8 40. Bb5 Rac8 41. h3 Kf8 42.
Red1 Rc5 43. Kg2 Ke7 44. f4 Kf8 45. Kf3 g6 46. Bd2 Nc7 47. Be2 Ncd5 48. Be1 h5 49.
Bf2 R5c7 50. Ba6 Ra8 51. Bb5 Rcc8 52. R4d3 Rab8 53. Bd4 Ng8 54. Ba6 Re8 55. Be5 Ra8 56.
Bb7 Ra7 57. Bc6 Rc8 58. Bxd5 exd5 59. Rxd5 f6 60. Bd4 Rc6 61. Re1 Ne7 62. Rb5 Rb7 63. g4 h4 64. Re3 Kf7 65. Ke2 Nc8 66. b3 Rd7 67. Kf3 Rdd6 68. f5 g5 69. Re4 Na7 70.
Ke3 Nxb5 71. axb5 Rc7 72. Kd3 Re7 73. c4 Rxe4 74. Kxe4 Ke8 75. Ke3 Kd7 76. Kd3 Kc8 77.
Ke4 Kd7 78. Ke3 Kc8 79. Ke4 Kd7 80. Ke3 Kc8 81. Kd3 Kd7 82. Ke4 Kc8 83. Ke3 Kd7 84.
Ke4 Kc8 85. Ke3 Kd7 1/2-1/2

[Event "Early-Titled-Tuesday-Blitz-March-19-2024"]
[Site "Chess.com"]
[Date "2024.03.19"]
[Round "6"]
[White "Adar_07"]
[Black "BilodeauA"]
[Result "0-1"]
[WhiteElo "2844"]
[BlackElo "3051"]
[TimeControl "180+1"]
[EndTime "9:08:57 PDT"]
[Termination "BilodeauA won on time"]

1. e4 e5 2. Nf3 Nc6 3. Bb5 a6 4. Ba4 d6 5. d4 Bd7 6. dxe5 dxe5 7. O-O Bd6 8. Nc3 Nf6 9. Bg5 h6 10. Bh4 g5 11. Bg3 Qe7 12. Nd5 Nxd5 13. exd5 Nb8 14.
c4 f6 15. Re1 O-O 16. Bc2 Bg4 17. Qd3 Nd7 18. Qg6+ Qg7 19. Nd2 Qxg6 20. Bxg6 Kg7 21. Bc2 a5 22. f3 Bh5 23. Bf2 f5 24. Rac1 b6 25. Ba4 Nc5 26. Bc6 Rad8 27. Rc3 Bg6 28. a3 e4 29. Bd4+ Kh7 30. b4 axb4 31. axb4 Nd3 32. Rxd3 exd3 33. c5 bxc5 34. bxc5 Bf4 35.
Nc4 d2 36. Rd1 Be8 37. Bb7 Ba4 38. Rxd2 Bxd2 39. Nxd2 Rb8 40. c6 Rbd8 41. Bc5 Rf7 42. d6 cxd6 43. Bb6 Rb8 44. c7 Rxc7 45. Bxc7 Rxb7 46. Bxd6 Rd7 47. Bb4 Rd4 48. Bc3 Rd3 49. Ba5 Bb5 50. Kf2 Kg6 51. g3 Bc6 52. Bb4 h5 53. h3 h4 54. gxh4 gxh4 55. Ke2 Rd5 56. Ke3 Rb5 57. Bc3 Rb8 58. Nc4 Bd5 59.
Ne5+ Kg5 60. Nf7+ Kh5 61. Nd6 Rf8 62. Kf4 Kg6 63. Be5 Be6 64. Nb5 Ra8 65. Nd4 Ra4 66. Ke3 Bd5 67. Kf4 Ra3 68. Bd6 Rd3 69. Ke5 Bxf3 70.
Nxf5 Kh5 71. Ng7+ Kg5 72. Ne6+ Kh5 73. Nf4+ Kg5 74. Nxd3 Bg2 75. Nf2 Bxh3 76. Nxh3+ Kg4 77. Nf2+ Kf3 78. Bc5 Kg2 79. Ke4 h3 80. Ng4 h2 81.
Ne3+ Kh3 0-1

[Event "Early-Titled-Tuesday-Blitz-March-19-2024"]
[Site "Chess.com"]
[Date "2024.03.19"]
[Round "6"]
[White "CSB7"]
[Black "ahkashefi2800"]
[Result "1-0"]
[WhiteElo "2783"]
[BlackElo "2580"]
[TimeControl "180+1"]
[EndTime "9:08:58 PDT"]
[Termination "CSB7 won by checkmate"]

1. d4 d5 2. Nf3 Nf6 3. c4 c6 4.
Nbd2 Bf5 5. Nh4 Bg6 6. Qb3 Qb6 7. Qh3 Nbd7 8. Nxg6 fxg6 9. e3 O-O-O 10. c5 Qc7 11. Qe6 Kb8 12. b4 Ka8 13. h4 Nb8 14. g3 Qd7 15. Bh3 Qxe6 16. Bxe6 Ne8 17. Nf3 Nc7 18. Bh3 e6 19. Ng5 Re8 20. Rb1 h6 21. Nf7 Rg8 22.
Ne5 g5 23. hxg5 hxg5 24. Ke2 Be7 25. Bd2 Bf6 26. f4 gxf4 27. exf4 Bxe5 28. fxe5 Ref8 29. Rbf1 Nd7 30. Rxf8+ Rxf8 31. Bg4 a6 32. Rh7 Rf7 33.
Bh5 Rf5 34. g4 Rf8 35. Rxg7 Nb5 36. Rxd7 Nxd4+ 37. Kd3 Nf3 38. Bc3 Ng5 39. Bg6 Rf3+ 40. Kc2 Rg3 41. b5 axb5 42. Ba5 Ka7 43. Bd8 Rxg4 44.
Bd3 Rg2+ 45. Kd1 Ne4 46. Bb6+ Ka6 47. Bf1 Rf2 48. Bh3 Ng5 49. Rd8 b4 50. Bg4 Nf3 51.
Bxf3 Rxf3 52. Re8 Rd3+ 53. Kc2 Re3 54. Rxe6 Kb5 55. Re8 Kc4 56. e6 d4 57. e7 Re2+ 58.
Kd1 d3 59. Ba5 Kc3 60. Rh8 Rxe7 61. Rh4 Kb2 62. Rxb4+ Kxa2 63. Rd4 Re5 64. Bb6 Kb3 65. Rxd3+ Kc4 66. Rd2 Kb5 67. Rb2+ Kc4 68. Re2 Rd5+ 69.
Kc2 Rd7 70. Re4+ Kb5 71. Kc3 Rf7 72. Rb4+ Ka6 73. Ra4+ Kb5 74. Ra5# 1-0

[Event "Early-Titled-Tuesday-Blitz-March-19-2024"]
[Site "Chess.com"]
[Date "2024.03.19"]
[Round "6"]
[White "Kotlyar_K"]
[Black "Kaissa10"]
[Result "1/2-1/2"]
[WhiteElo "2615"]
[BlackElo "2297"]
[TimeControl "180+1"]
[EndTime "9:08:58 PDT"]
[Termination "Game drawn - insufficient material"]

1. e4 c5 2. Nf3 Nc6 3. d4 cxd4 4.
Nxd4 g6 5. c4 Nf6 6. Nc3 d6 7. Be3 Bg7 8. Be2 O-O 9. O-O Nxd4 10. Bxd4 Bd7 11. Qd3 a5 12. Rad1 a4 13. f4 Qa5 14. Kh1 Rac8 15. f5 Bc6 16. Nd5 Bxd5 17.
cxd5 Nd7 18. Bxg7 Kxg7 19. fxg6 hxg6 20. Qd4+ Ne5 21. Rf3 Qc5 22. Qxc5 Rxc5 23. Ra3 b5 24. b3 axb3 25. Rxb3 Rc2 26. Bxb5 Rxa2 27. Bf1 Rh8 28. h3 Ng4 29. Kg1 Nf6 30. Bd3 Rc8 31. Rb7 Kf8 32.
Bb5 Rcc2 33. Bf1 Nxe4 34. Re1 f5 35. Rb8+ Kf7 36. Rb3 Kf6 37. Rf3 Rc3 38. Rxe4 Rxf3 39. Re6+ Kf7 40. gxf3 Rd2 41. Bc4 Rd4 42. Bb3 Rd3 43. Bc4 Rxf3 44. Kg2 Rc3 45. Bf1 Rc2+ 46. Re2 Rc5 47. Rd2 Kf6 48. Kf3 g5 49. Bd3 Rc3 50.
Ke3 Ke5 51. Ke2 Ra3 52. Bc2 Rxh3 53. Kf1 Rh1+ 54. Kg2 Rh4 55. Bb3 Re4 56. Rf2 g4 57.
Rd2 f4 58. Ba2 Re3 59. Kf2 g3+ 60. Kg2 Ra3 61. Bb1 Re3 62. Bc2 e6 63. dxe6 Kxe6 64. Bb1 Ke5 65. Bc2 d5 66. Bb1 d4 67. Bc2 Kf6 68.
Rxd4 Re2+ 69. Kf3 Rf2+ 70. Kg4 Rxc2 71. Rxf4+ Kg6 72. Kxg3 Rc3+ 73. Rf3 Rxf3+ 74. Kxf3 1/2-1/2

[Event "Early-Titled-Tuesday-Blitz-March-19-2024"]
[Site "Chess.com"]
[Date "2024.03.19"]
[Round "6"]
[White "DarZay"]
[Black "djano"]
[Result "0-1"]
[WhiteElo "2359"]
[BlackElo "2633"]
[TimeControl "180+1"]
[EndTime "9:09:03 PDT"]
[Termination "djano won by resignation"]

1. e4 c5 2. Nc3 Nc6 3. Bb5 Nd4 4.
Bc4 e6 5. Nge2 Nf6 6. d3 a6 7.
a4 Qc7 8. O-O b6 9. f4 Bb7 10.
Nxd4 cxd4 11. Ne2 Nxe4 12. Nxd4 Nf6 13. Kh1 Bc5 14. Nb3 Qc6 15. Qe2 Be7 16. d4 O-O 17. Bd3 Nd5 18. Bd2 f5 19. Rf3 Bf6 20. Rh3 g6 21.
Kg1 Rac8 22. c3 Rfe8 23. a5 d6 24. Bxa6 Bxa6 25. Qxa6 Ra8 26. Qe2 bxa5 27. Rxa5 Rxa5 28. Nxa5 Qb6 29. b4 e5 30. Qc4 exf4 31. Qxd5+ Kg7 32. Nc4 Qa6 33. Nxd6 Qa1+ 34. Kf2 Re7 35. Bxf4 Qe1+ 36. Kf3 Qe2+ 37. Kg3 Qg4+ 38. Kf2 Qe2+ 39. Kg3 Qg4+ 40. Kf2 Qxf4+ 41. Rf3 Qd2+ 42. Kg3 Qg5+ 43. Kf2 Qh4+ 44. Rg3 Qf4+ 45. Rf3 Qd2+ 46. Kg3 Qe1+ 47.
Rf2 Re3+ 48. Qf3 f4+ 49. Kxf4 Rxf3+ 50. Rxf3 g5+ 51. Kf5 Qe7 52. Nc4 Qd7+ 53. Ke4 Qc6+ 54. Kd3 Qd5 55. Ne3 Qb5+ 56. Ke4 Qc6+ 57. Nd5 Qe6+ 58. Kd3 Qxd5 59. Re3 Qb5+ 60. Ke4 Qb7+ 61. d5 Qc7 62. Rd3 Qe5+ 63. Kf3 Qf4+ 64. Ke2 Qe4+ 65.
Kd2 Qxg2+ 66. Ke3 Qh3+ 67. Ke4 Qg4+ 68. Ke3 Qf4+ 69. Ke2 Qe4+ 70. Kd2 Qf4+ 71. Kc2 Qxh2+ 72. Kb3 Qe2 73. Rg3 Qe1 74. Rd3 Qe2 75. Rg3 g4 76. c4 Qd1+ 77. Ka3 Be5 78. Re3 Qc1+ 79. Ka4 Qxe3 80. c5 Qd4 81. d6 Bxd6 82. cxd6 Qxd6 83. b5 Qb6 84. Kb4 g3 85. Kc4 g2 86. Kd5 g1=Q 0-1

[Event "Early-Titled-Tuesday-Blitz-March-19-2024"]
[Site "Chess.com"]
[Date "2024.03.19"]
[Round "6"]
[White "missponyo10"]
[Black "abelmat"]
[Result "0-1"]
[WhiteElo "2228"]
[BlackElo "2079"]
[TimeControl "180+1"]
[EndTime "9:09:03 PDT"]
[Termination "abelmat won by checkmate"]

1. e4 e6 2. d3 d5 3. Nd2 Nc6 4. Ngf3 Nf6 5. g3 dxe4 6. dxe4 e5 7. Bg2 Bc5 8. O-O O-O 9. c3 a5 10. Qc2 b6 11. Nb3 Bd6 12. Bg5 Ba6 13. Rfe1 h6 14.
Bxf6 Qxf6 15. Nbd2 Rad8 16. Nf1 Bc5 17. Ne3 Bxe3 18.
Rxe3 Rd6 19. g4 Rfd8 20. h4 Qf4 21. g5 Rg6 22. h5 Rgd6 23. gxh6 Rxh6 24. Ne1 Rxh5 25.
Rg3 Rd2 26. Nd3 Rxc2 27. Nxf4 exf4 28. Rf3 g5 29. Bh3 Ne5 30. Bg2 Be2 31. Rh3 Rxh3 32.
Bxh3 Bf3 33. b3 Rxc3 34. Bg2 g4 35. Bxf3 Nxf3+ 36. Kf1 g3 37. fxg3 fxg3 38. Rd1 Kg7 39. Kg2 Ne5 40. Rd5 f6 41. Rd8 Re3 42. Rc8 c6 43. Rb8 b5 44. Ra8 Re2+ 45. Kxg3 Rxa2 46. Kf4 Ng6+ 47. Kf5 Rf2+ 48. Ke6 Re2 49. Kf5 Ne7+ 50. Kf4 Kf7 51. Rxa5 Ke6 52. Ra6 Ng6+ 53. Kf3 Rb2 54. Rxc6+ Ke7 55. Rc3 Ne5+ 56. Kf4 Ke6 57. Rh3 Rf2+ 58.
Ke3 Rb2 59. Kf4 Rd2 60. Rc3 Rd3 61. Rxd3 Nxd3+ 62. Ke3 Nc5 63. b4 Na6 64. Kd4 Nxb4 65. Kc5 Nd3+ 66. Kxb5 Ke5 67. Kc4 Kxe4 68. Kc3 Ke3 69. Kc2 Ke2 70. Kc3 f5 71. Kd4 f4 72.
Ke4 f3 73. Kf5 f2 74. Kg6 f1=Q 75. Kh7 Qg2 76. Kh8 Kf3 77. Kh7 Kf4 78. Kh8 Kf5 79.
Kh7 Kf6 80. Kh8 Qg7# 0-1

[Event "Early-Titled-Tuesday-Blitz-March-19-2024"]
[Site "Chess.com"]
[Date "2024.03.19"]
[Round "6"]
[White "Alenzer"]
[Black "Massakru"]
[Result "1/2-1/2"]
[WhiteElo "2165"]
[BlackElo "2411"]
[TimeControl "180+1"]
[EndTime "9:09:07 PDT"]
[Termination "Game drawn by repetition"]

1. e4 e5 2. Nf3 Nc6 3. Bb5 a6 4. Ba4 Nf6 5. O-O Be7 6. d4 exd4 7.
Re1 O-O 8. e5 Nd5 9. Bb3 Nb6 10.
Nxd4 Nxd4 11. Qxd4 d6 12. exd6 Bxd6 13. Qe4 Nd7 14.
Nc3 Nc5 15. Qf3 Nxb3 16. axb3 Qh4 17. g3 Qh3 18. Bf4 Bg4 19. Qg2 Bxf4 20. Qxh3 Bxh3 21. gxf4 Rfe8 22. f3 Bf5 23. Ne4 Rad8 24. Re2 Kf8 25.
Rae1 Rd4 26. Kf2 f6 27. c3 Rd3 28. Nc5 Rxe2+ 29. Rxe2 Rd5 30. Nxb7 Bc8 31. c4 Rh5 32. Nd8 Rxh2+ 33. Ke3 Rh5 34. Nc6 Bb7 35. Nd4 Rh3 36. Rg2 Kf7 37. b4 g6 38. Rd2 h5 39. c5 Bd5 40. b5 axb5 41. b4 c6 42. Rf2 g5 43.
fxg5 fxg5 44. Ne2 g4 45. Nf4 Rxf3+ 46. Rxf3 Bxf3 47. Nxh5 Ke6 48. Nf4+ Ke5 49. Nd3+ Kd5 50. Nf4+ Kc4 51. Nd3 Bd5 52. Nf4 Bf7 53. Nd3 g3 54. Ne5+ Kxb4 55. Nxf7 g2 56. Kf2 Kxc5 57. Ne5 Kd5 58.
Nd3 Kd4 59. Nc1 c5 60. Kxg2 Kc3 61. Kf2 c4 62. Ke2 Kc2 63. Na2 Kb3 64. Nc1+ Kc2 65. Na2 c3 66. Nb4+ Kb3 67. Nd3 Ka2 68. Kd1 Kb1 69. Nc1 b4 70. Nb3 Kb2 71. Nd4 b3 72.
Nxb3 c2+ 73. Kd2 Kb1 74. Nc1 Kb2 75. Nd3+ Kb1 76. Nc1 Kb2 77. Nd3+ Kb1 78. Nc1 1/2-1/2

[Event "Early-Titled-Tuesday-Blitz-March-19-2024"]
[Site "Chess.com"]
[Date "2024.03.19"]
[Round "6"]
[White "AlexanderKing"]
[Black "DraningWaterHi"]
[Result "1-0"]
[WhiteElo "2629"]
[BlackElo "2261"]
[TimeControl "180+1"]
[EndTime "9:09:16 PDT"]
[Termination "AlexanderKing won by checkmate"]

1. c4 Nf6 2. Nc3 g6 3. d4 Bg7 4.
e4 d6 5. h3 O-O 6. Be3 c5 7.
d5 e6 8. Nf3 exd5 9. cxd5 Re8 10. Qc2 a6 11. a4 Nbd7 12. Be2 Ne5 13. Nd2 Rb8 14. O-O Qc7 15. Rab1 b6 16. b4 Ned7 17. b5 a5 18. f4 Bb7 19. Nc4 Rbd8 20.
Rbd1 Qb8 21. Bf2 Ba8 22. Bg3 Nf8 23. Kh1 N6d7 24. Bf3 f6 25. Rfe1 Re7 26. Re2 Rde8 27. Rde1 Qc7 28. Bh2 Qb8 29. Qd3 Kh8 30. h4 Kg8 31. h5 Kh8 32. Kg1 Kg8 33. Re3 Kh8 34. R1e2 Kg8 35. Kf1 Kh8 36. Ke1 Kg8 37. Kd1 Kh8 38. Kc2 Kg8 39. Re1 Kh8 40. R3e2 Kg8 41. Bg3 Bb7 42. Bg4 Bc8 43. Rh1 f5 44. exf5 Rxe2+ 45. Nxe2 Nf6 46. Bh3 Nxh5 47. Bf2 Nf6 48. fxg6 Nxg6 49.
Bxc8 Rxc8 50. Qf3 Re8 51. Nc3 Qc7 52. g4 Nd7 53. Re1 Rxe1 54. Bxe1 Ndf8 55. Ne4 Qb7 56.
Bc3 Qc7 57. Bxg7 Qxg7 58. f5 Qd4 59. Ned2 Ne5 60. Nxe5 dxe5 61. Qe4 Nd7 62. Qxd4 exd4 63. Kd3 Ne5+ 64. Ke4 Nxg4 65. d6 Nf6+ 66. Ke5 Kf7 67. Nc4 Nd7+ 68. Kd5 d3 69. Ke4 Nf6+ 70. Kxd3 Ke8 71.
Nxb6 Nd7 72. Nc4 h5 73. Ke4 h4 74. Kf4 Nf6 75. Nxa5 Kd7 76. Nc4 Nd5+ 77. Kg4 Nc3 78. Kxh4 Nxa4 79. f6 Ke6 80. Kg5 Kf7 81. d7 Nc3 82.
d8=Q Ne4+ 83. Kf4 Nxf6 84. Ne5+ Ke6 85. Qc8+ Kd5 86. Qc6+ Kd4 87. Qxf6 c4 88. Qd6+ Kc3 89. Qc5 Kb2 90. Qxc4 Ka3 91. b6 Kb2 92. Qd3 Ka1 93. Qd2 Kb1 94. Nc4 Ka1 95. Qb2# 1-0

[Event "Early-Titled-Tuesday-Blitz-March-19-2024"]
[Site "Chess.com"]
[Date "2024.03.19"]
[Round "6"]
[White "Makswolf200817"]
[Black "nabukatnezarr"]
[Result "1-0"]
[WhiteElo "2759"]
[BlackElo "2571"]
[TimeControl "180+1"]
[EndTime "9:09:27 PDT"]
[Termination "Makswolf200817 won on time"]

1. e4 c5 2. Nf3 Nc6 3. c3 e6 4. d4 d5 5. e5 Bd7 6. a3 c4 7. Nbd2 Na5 8. h4 Ne7 9. h5 h6 10. g4 Nec6 11. Bh3 Be7 12. Ng1 Qc7 13. Ne2 f6 14. f4 fxe5 15. dxe5 Bh4+ 16. Kf1 Qb6 17.
Rh2 Rf8 18. Nf3 Be7 19. Ned4 Bc5 20. Be3 Nb3 21. Rb1 Bxd4 22. cxd4 O-O-O 23. Rf2 Kb8 24. Kg2 Bc8 25. Qc2 Rf7 26. Rd1 Rdf8 27. Kh2 a6 28. Qc3 Rxf4 29. Bxf4 Rxf4 30. Kg3 Re4 31. g5 Ncxd4 32.
Nxd4 Nxd4 33. Re1 Nb5 34. Qd2 Rd4 35. Qc1 hxg5 36. Qxg5 c3 37. bxc3 Nxc3 38. Bg2 Qa5 39. Rc1 Rd3+ 40. Kh2 Qxa3 41. Rfc2 d4 42. Qd8 Qc5 43.
Kg1 Qxe5 44. Rb1 Qc7 45. Rxb7+ Qxb7 46. Bxb7 Kxb7 47. Qe7+ Kb8 48. Rb2+ Nb5 49. Qd6+ Kb7 50. Qe7+ Kb8 51. Qxg7 Rd1+ 52. Kh2 Bb7 53. Qf8+ Ka7 54. h6 Rh1+ 55. Kg3 d3 56. Rd2 Be4 57. Qc5+ Kb7 58.
Qe5 Bd5 59. Qg7+ Kb6 60. Kf4 Rf1+ 61. Ke5 Nc3 62. h7 Ne4 63. Kd4 Rf5 64. Rb2+ Kc6 65.
Qc7+ Kxc7 66. h8=Q Nd6 67. Qb8+ Kd7 68. Qa7+ Nb7 69.
Rxb7+ Bxb7 70. Qxb7+ Kd6 71. Qxa6+ Ke7 72. Qb7+ Kf6 73.
Kxd3 Rd5+ 74. Ke4 Re5+ 75. Kf4 Rf5+ 76. Kg4 Rg5+ 77. Kh4 Rd5 78. Qc7 Rf5 79. Kg4 Rd5 80.
Qc8 Rd4+ 81. Kf3 Rd5 82. Qf8+ Kg6 83. Ke4 Rf5 84. Qe7 Rf6 85. Ke5 Rf5+ 86. Kxe6 Rg5 87. Qf7+ Kh6 88. Qf8+ Kg6 89. Qf3 Rh5 90. Qe4+ Kh6 91.
Kf6 Rf5+ 92. Kxf5 1-0

[Event "Early-Titled-Tuesday-Blitz-March-19-2024"]
[Site "Chess.com"]
[Date "2024.03.19"]
[Round "6"]
[White "Likvidator228"]
[Black "Sofia_Blokhin"]
[Result "1-0"]
[WhiteElo "2589"]
[BlackElo "2261"]
[TimeControl "180+1"]
[EndTime "9:09:27 PDT"]
[Termination "Likvidator228 won on time"]

1. d4 f5 2. Nc3 Nf6 3. Bg5 g6 4. h4 h6 5. Bxf6 exf6 6. h5 g5 7. e3 Bg7 8. Bd3 d5 9. Qf3 c6 10. Bxf5 Bxf5 11. Qxf5 Qe7 12. Nge2 Nd7 13. O-O-O O-O-O 14. g4 Kb8 15. Ng3 Nb6 16. b3 Qa3+ 17. Kd2 Bf8 18. Ke2 Bb4 19. Qd3 Qb2 20. Nb1 Qxa2 21. Kf1 Rhe8 22. Kg2 Bd6 23. Nf5 Bc7 24. Nc3 Qa3 25. Nxh6 Qe7 26. Nf5 Qd7 27. Ne2 Re4 28.
f3 Re6 29. Neg3 Rde8 30. Rde1 Bf4 31. Kf2 Bc7 32. c4 dxc4 33. bxc4 c5 34. d5 Re5 35. e4 Nc8 36. h6 Nd6 37. Nxd6 Bxd6 38. h7 Rh8 39.
Nf5 Bc7 40. Rh6 Rxh7 41. Reh1 Rxh6 42. Rxh6 Qd8 43. d6 Ba5 44. Rh7 a6 45. Qf1 Bb6 46. Qb1 Rxf5 47. gxf5 Qxd6 48. Qe1 Qd4+ 49. Qe3 Qb2+ 50.
Kg3 Qe5+ 51. Kh3 Bc7 52. Qf2 Qf4 53. Rf7 g4+ 54. Kg2 Qh2+ 55. Kf1 Qh1+ 56. Ke2 gxf3+ 57. Qxf3 Qh2+ 58. Qf2 Qh5+ 59. Qf3 Qxf7 60. Kd3 Qd7+ 61. Kc2 Qf7 62. Qd3 Qe8 63. Qe3 Bb6 64. Kb3 Ka7 65.
Qf4 a5 66. Qd6 a4+ 67. Ka3 Qc6 68. Qe7 Qc7 69. Qe6 Qg3+ 70. Kxa4 Qe1 71. Kb3 Qb4+ 72.
Kc2 Qa4+ 73. Kd3 Qb3+ 74. Ke2 Qc2+ 75. Kf3 Qd3+ 76. Kf4 Qf1+ 77. Kg4 Qg2+ 78. Kh5 Qh3+ 79. Kg6 Qh4 80. Kf7 Qh7+ 81. Kxf6 Bd8+ 82. Ke5 Qc7+ 83. Kd5 Bg5 84. e5 Qd8+ 85. Qd6 Qg8+ 86. e6 Qh7 87. Qxc5+ Kb8 88. Qf8+ Ka7 89. Qa3+ Kb8 90. Qg3+ Ka7 91. Qxg5 Qc7 92. Qe3+ Kb8 93. Qc5 Qd8+ 94. Qd6+ Qxd6+ 95. Kxd6 1-0

[Event "Early-Titled-Tuesday-Blitz-March-19-2024"]
[Site "Chess.com"]
[Date "2024.03.19"]
[Round "6"]
[White "Andrei_Skvortsov"]
[Black "TitarovVasiliYouTube"]
[Result "1-0"]
[WhiteElo "2742"]
[BlackElo "2543"]
[TimeControl "180+1"]
[EndTime "9:09:49 PDT"]
[Termination "Andrei_Skvortsov won on time"]

1. e4 c5 2. d4 cxd4 3. Qxd4 Nc6 4. Qd3 Nf6 5. Nc3 g6 6. Nf3 d6 7. Be2 Bg7 8. O-O O-O 9. Nd5 Nd7 10. c3 Nc5 11. Qc2 Be6 12. Be3 Rc8 13. Rad1 Nd7 14. Qa4 a6 15. Ng5 Bxd5 16. exd5 Ncb8 17. Nf3 Nc5 18. Qh4 Nbd7 19. Ng5 Nf6 20. Qb4 b5 21. Rfe1 Qc7 22. Bf1 Qb7 23. Qh4 Ncd7 24. Ne4 Nxd5 25. Rxd5 Qxd5 26. Qxe7 Rfe8 27. Qxd7 Qxe4 28. Bd2 Qa8 29.
Qxd6 Rxe1 30. Bxe1 Rd8 31. Qf4 Rd1 32. Qe3 Qd8 33.
c4 Bxb2 34. cxb5 axb5 35. Qe2 Bg7 36. Bb4 h5 37. Qxb5 Rb1 38. a3 Bc3 39. Qc4 Bxb4 40.
axb4 Kg7 41. g3 Qf6 42. Kg2 Rb2 43. Qc5 h4 44. gxh4 Qxh4 45. b5 Qf6 46. h3 Rb1 47.
Bd3 Rb2 48. Be4 Ra2 49. Bc6 Rb2 50. Qe3 Qe6 51. Qd4+ Qf6 52. Qe3 Rb1 53. Qd3 Qg5+ 54. Qg3 Qxg3+ 55. Kxg3 Kf6 56. Kf3 Ke5 57. Ke3 Rb3+ 58.
Kd2 f5 59. h4 Kd6 60. Ke2 Rh3 61. Be8 Rxh4 62. Bxg6 Ke5 63. Be8 Rb4 64. Bc6 Kd4 65. Ke1 Rb2 66. Kf1 Ke5 67. Kg2 Kf4 68. Kg1 Kg4 69.
Kg2 Kf4 70. Kg1 Ke5 71. Kg2 Rb3 72. Kf1 Kd4 73. Kg2 Rd3 74. Bd7 Ke5 75. Bc6 Rb3 76. Kf1 Rb1+ 77. Ke2 Kd4 78. Kf3 Ke5 79. Ke2 f4 80. Kf3 Rb3+ 81. Kg4 Rb2 82. Kf3 Rc2 83. Kg2 Kf5 84. Kf3 Rc3+ 85. Ke2 Kg4 86. f3+ Kg3 87. Kd2 Rb3 88. Kc2 Rb4 89. Kc3 Rb1 90. Kc4 Kf2 91.
Kc5 Rc1+ 92. Kd6 Rb1 93. Kc7 1-0

[Event "Early-Titled-Tuesday-Blitz-March-19-2024"]
[Site "Chess.com"]
[Date "2024.03.19"]
[Round "6"]
[White "Quattroporte300"]
[Black "Gennady_Kozlov"]
[Result "1/2-1/2"]
[WhiteElo "2502"]
[BlackElo "2674"]
[TimeControl "180+1"]
[EndTime "9:11:23 PDT"]
[Termination "Game drawn by 50-move rule"]

1. e4 e6 2. d4 d5 3. exd5 exd5 4. Nf3 Bd6 5. Bd3 Ne7 6. O-O O-O 7. h3 Bf5 8. Re1 Bxd3 9. Qxd3 Nd7 10. Nc3 c6 11.
Ne5 Bxe5 12. dxe5 Nc5 13. Qg3 Nf5 14. Qg4 g6 15. Bg5 Qb6 16. b3 Ne6 17. Bf6 h5 18.
Qd1 Qd4 19. Ne2 Qe4 20. Ng3 Qf4 21. Nxf5 Qxf5 22. Qd2 Kh7 23. Rad1 Nc5 24. f3 Rfe8 25.
c3 Nd7 26. Qd4 Re6 27. Re3 Rae8 28. g4 Qxf6 29. exf6 Rxe3 30. Qf4 R8e5 31. gxh5 g5 32.
Qd4 Nxf6 33. Qxa7 Re7 34. Rf1 Nxh5 35. Qd4 Nf4 36. Qf6 Nxh3+ 37. Kh2 Nf4 38. Qxg5 Ng6 39. Kh1 R7e6 40. Rf2 R3e5 41. Rh2+ Kg7 42. Qh6+ Kf6 43.
Rg2 Rf5 44. Kh2 Ree5 45. Kg1 Ke7 46. Kf2 Re6 47. Qh1 Ne5 48. Qd1 Ref6 49. Rg3 Rxf3+ 50. Rxf3 Rxf3+ 51. Kg2 Rxc3 52. Qd4 Rc2+ 53. Kg3 f6 54. a4 Ke6 55. Qb4 f5 56. Qxb7 Rc3+ 57. Kg2 f4 58. a5 f3+ 59. Kg3 Rc2 60. Qc8+ Ke7 61. Qc7+ Kf6 62. Qd6+ Kf5 63. Qf8+ Ke6 64. Qg8+ Kf5 65.
Qf8+ Ke6 66. a6 Rg2+ 67. Kh3 Ra2 68. Qg8+ Kd7 69. Qg7+ Kd6 70. Qf6+ Kc5 71. Qxe5 f2 72. Qe3+ Kb5 73. Qd3+ Kb6 74. Kg2 Rxa6 75. Kxf2 Ra2+ 76. Ke3 Ra5 77. Qc3 Rb5 78. Kd2 Rc5 79. Qb4+ Rb5 80. Qd4+ Ka5 81. Qa1+ Kb6 82. Qa3 c5 83. Kc2 d4 84. Qa8 Rb4 85. Qb8+ Kc6 86. Qc8+ Kb6 87. Qd8+ Kc6 88. Qe8+ Kb6 89. Qe6+ Kb5 90. Qd5 Kb6 91. Qd6+ Kb5 92. Qc7 c4 93. Qb7+ Kc5 94. Qa7+ Kc6 95. bxc4 Rxc4+ 96. Kd3 Rc5 97. Qa6+ Kd5 98. Qa2+ Ke5 99.
Qe2+ Kd6 100. Kxd4 Rd5+ 101. Kc4 Rc5+ 102. Kb4 Re5 103. Qd3+ Rd5 104. Qg6+ Ke5 105. Qg5+ Ke4 106. Qg4+ Ke5 107. Qg3+ Ke4 108. Kc4 Rd4+ 109. Kc3 Rd5 110. Qg2+ Ke5 111. Qe2+ Kd6 112. Qe4 Re5 113. Qd4+ Rd5 114. Qf6+ Kc5 115. Qe7+ Kc6 116. Kc4 Rd6 117. Qe4+ Kd7 118. Kc5 Re6 119. Qd5+ Ke7 120. Qg5+ Kf7 121. Qf5+ Rf6 122. Qe5 Re6 123. Qd5 Kf6 124. Kd4 Re7 125. Qd6+ Re6 126. Qf8+ Kg5 127. Kd5 Rf6 128. Qg7+ Kf5 129. Qg3 Rg6 130. Qf3+ Kg5 131. Ke5 Kh6 132. Qh3+ Kg7 133. Kf5 Rf6+ 134. Kg5 Rg6+ 135. Kf5 Rf6+ 136. Ke5 Rg6 137. Qf5 Kh6 138. Kf4 Kg7 139. Qe5+ Kf7 140. Kf5 Rg7 141. Qe6+ Kf8 142. Qd6+ Kg8 143. Kf6 Rf7+ 144. Kg6 Rg7+ 145. Kf5 Rf7+ 146. Ke5 Rg7 147. Qf6 Rf7 148. Qg5+ Rg7 149. Qd8+ Kh7 150. Kf6 1/2-1/2

[Event "Early-Titled-Tuesday-Blitz-March-19-2024"]
[Site "Chess.com"]
[Date "2024.03.19"]
[Round "7"]
[White "NovakRatko"]
[Black "Shuvalov"]
[Result "0-1"]
[WhiteElo "2407"]
[BlackElo "2570"]
[TimeControl "180+1"]
[EndTime "9:13:59 PDT"]
[Termination "Shuvalov won by resignation"]

1. d4 Nf6 2. c4 g6 3. Nc3 d5 4. f3 c5 5. dxc5 d4 6. Na4 e5 7.
a3 Nc6 8. b4 Bg7 9. Bg5 h6 10.
Bh4 O-O 11. e4 dxe3 12. Qxd8 Rxd8 13. Ne2 Nd4 14. O-O-O Nb3+ 15. Kc2 Bf5+ 16. Kxb3 Rxd1 17. Nec3 Rd2 18. g3 Bc2+ 0-1

[Event "Early-Titled-Tuesday-Blitz-March-19-2024"]
[Site "Chess.com"]
[Date "2024.03.19"]
[Round "7"]
[White "Shahdad2007"]
[Black "Sattarov_Bobur"]
[Result "0-1"]
[WhiteElo "2605"]
[BlackElo "2831"]
[TimeControl "180+1"]
[EndTime "9:14:09 PDT"]
[Termination "Sattarov_Bobur won by resignation"]

1. e4 e5 2. Nf3 Nc6 3. Bc4 Bc5 4. c3 Qf6 5. O-O Nge7 6. d4 exd4 7. Bg5 Qg6 8. cxd4 Nxd4 9. Nxd4 Qxg5 10. f4 Qf6 0-1

[Event "Early-Titled-Tuesday-Blitz-March-19-2024"]
[Site "Chess.com"]
[Date "2024.03.19"]
[Round "7"]
[White "dianamirza"]
[Black "missponyo10"]
[Result "0-1"]
[WhiteElo "1986"]
[BlackElo "2233"]
[TimeControl "180+1"]
[EndTime "9:14:23 PDT"]
[Termination "missponyo10 won by resignation"]

1. e4 c5 2. Nf3 d6 3. d4 cxd4 4. Nxd4 Nf6 5. Nc3 a6 6. Be3 e5 7.
Nf5 Bxf5 8. exf5 d5 9. Bg5 d4 10. Ne4 Be7 11. Bc4 Nc6 12. a4 Nxe4 13. Bxe7 Qxe7 14.
Bd5 Nf6 15. Bxc6+ bxc6 16. Qd3 O-O 17. O-O c5 18. f4 e4 19. Qh3 Nd5 20. g4 Ne3 21.
Rfe1 Nxc2 22. Rf1 Nxa1 23. Rxa1 e3 0-1